 Dungeon Crawl Stone Soup version 0.27.1-34-g3ba077fa99 (webtiles) character file.

Game seed: 11648946490237748378

143 Atelerd the Digger (level 5, -4/31 HPs)
             Began as an Octopode Earth Elementalist on Jan 4, 2022.
             Slain by Sigmund (7 damage)
             ... on level 3 of the Dungeon.
             The game lasted 00:03:27 (3534 turns).

Atelerd the Digger (Octopode Earth Elementalist)    Turns: 3534, Time: 00:03:27

Health: -4/31      AC:  1    Str: 13    XL:     5   Next: 25%
Magic:  2/10       EV: 17    Int: 18    God:
Gold:   39         SH:  0    Dex: 13    Spells: 5/10 levels left

rFire    . . .     SeeInvis +   e - +0 short sword
rCold    . . .     Faith    .   (no shield)
rNeg     . . .     Spirit   .   (helmet restricted)
rPois    .         Reflect  .   (no amulet)
rElec    .         Harm     .   k - +4 ring of evasion
rCorr    .         Rampage  .   j - +6 ring of strength
Will     .....                  s - ring of see invisible
Stlth    +++.......             (no ring)
HPRegen  0.10/turn              (no ring)
MPRegen  0.12/turn              (no ring)
                                (no ring)
                                (no ring)

@: very slightly contaminated
A: almost no armour, amphibious, 8 rings, camouflage 1, gelatinous body 1,
(nimble swimmer 1), tentacles
a: no special abilities


You were on level 3 of the Dungeon.
You visited 1 branch of the dungeon, and saw 3 of its levels.

You collected 39 gold pieces.

Inventory:

Hand Weapons
 e - a +0 short sword (weapon)
Missiles
 t - 3 stones
Jewellery
 j - a +6 ring of strength (right tentacle)
 k - a +4 ring of evasion (left tentacle)
 s - a ring of see invisible (on tentacle)
Wands
 b - a wand of flame (10)
Scrolls
 c - a scroll of vulnerability {unknown}
 g - a scroll of brand weapon {unknown}
 i - a scroll of torment {unknown}
 m - a scroll of teleportation {unknown}
 o - a scroll of enchant armour {unknown}
 p - a scroll of fear {unknown}
 q - a scroll of amnesia {unknown}
 r - a scroll of blinking {unknown}
Potions
 a - a potion of mutation {unknown}
 d - a potion of brilliance {unknown}
 f - a potion of might {unknown}
 h - 2 potions of curing {unknown}
 l - a potion of ambrosia {unknown}
 n - a potion of lignification {unknown}
 u - a potion of haste {unknown}


   Skills:
 - Level 2.0 Dodging
 * Level 3.6 Stealth
 + Level 3.3 Spellcasting
 - Level 2.0 Transmutations
 + Level 4.1 Earth Magic


You had 5 spell levels left.
You knew the following spells:

 Your Spells              Type           Power      Damage    Failure   Level
a - Sandblast             Erth           36%        2d10      2%          1
p - Petrify               Tmut/Erth      14%        N/A       41%         4

Your spell library contained the following spells:

 Spells                   Type           Power      Damage    Failure   Level
 Passwall                 Tmut/Erth      11%        N/A       7%          2
 Stone Arrow              Conj/Erth      20%        3d8       21%         3
 Call Canine Familiar     Summ           3%         N/A       43%         3
 Portal Projectile        Hex/Tloc       6%         N/A       43%         3
 Leda's Liquefaction      Hex/Erth       5%         N/A       54%         4
 Lehudib's Crystal Spear  Conj/Erth      5%         10d3      100%        8
 Animate Armour           Summ/Erth      Unusable   N/A       N/A         4

Dungeon Overview and Level Annotations

Branches:
Dungeon (3/15)

Altars:
Hepliaklqana
Vehumet

Annotations:
D:2 exclusion: downstairs
D:3 Sigmund


Innate Abilities, Weirdness & Mutations

You cannot wear most types of armour.
You are amphibious.
You can wear up to eight rings at the same time.
Your skin changes colour to match your surroundings (Stealth+).
Your rubbery body absorbs attacks. (AC +1, EV +1)
((You are camouflaged near water. (Stealth+)))
You have tentacles for arms and can constrict up to eight enemies at once.


Message History

There is an open door here.
You open the door.
Sigmund the Dreaded comes into view.
He is wielding a +3 scythe of freezing.
Found a fuming sapphire potion.
Sigmund shouts!
There is an open door here.
Sigmund is nearby!
Sigmund is nearby!
Sigmund is nearby!
Sigmund is nearby!
Sigmund casts a spell at you. The magic dart hits you!
Casting: Sandblast (safe; 2% risk of failure)
Confirm with . or Enter, or press ? or * to list all spells.
The spell is potentially lethal to cast (41% risk of failure)!
Continue anyway?
Aiming: Petrify (potentially lethal; 41% risk of failure)
Press: ? - help, Shift-Dir - straight line, f - Sigmund
Aim: Sigmund, wielding a +3 scythe of freezing and wearing a +0 robe (chance to affect: 53%)
You miscast Petrify.
You are very lightly contaminated with residual magic.
The floor shifts beneath you alarmingly.
Casting: Petrify (potentially lethal; 41% risk of failure)
Confirm with . or Enter, or press ? or * to list all spells.
The spell is potentially lethal to cast (41% risk of failure)!
Continue anyway?
Aiming: Petrify (potentially lethal; 41% risk of failure)
Press: ? - help, Shift-Dir - straight line, f/p - Sigmund
Aim: Sigmund, wielding a +3 scythe of freezing and wearing a +0 robe (chance to affect: 53%) Sigmund resists with significant effort.
Unknown command.
Casting: Petrify (potentially lethal; 41% risk of failure)
Confirm with . or Enter, or press ? or * to list all spells.
Okay, then.
Aiming: Throw Flame
Press: ? - help, Shift-Dir - straight line, f/p - Sigmund
Aim: Sigmund, wielding a +3 scythe of freezing and wearing a +0 robe (64% to hit)
The puff of flame misses Sigmund.
Sigmund hits you from afar with a +3 scythe of freezing!
* * * LOW HITPOINT WARNING * * *
Sigmund freezes you!
You die...

#.#.+####'.#...##≈≈≈
##.#.#...)#.#.....≈#≈
#..#.#.##.#.#..##.≈#≈
#..#.#.##.#.#..###≈#≈
#..#.#....#.#..# #≈≈≈
#..#.'####+.#..# ####
#..#........#..#
#..'########+..#
#...@.@........#
#...!..........#
############


You could see Sigmund.

Vanquished Creatures
  Jessica (D:3)
  Terence (D:3)
  2 adders
  A worm (D:2)
  7 orcs
  5 endoplasms
  3 giant cockroaches
  3 goblins
  6 hobgoblins
  3 jackals (D:2)
  4 quokkas
  8 ball pythons
  4 bats
  2 frilled lizards (D:2)
  6 kobolds
  3 rats
59 creatures vanquished.

Vanquished Creatures (others)
  7 fungi (D:3)
  3 plants (D:3)
10 creatures vanquished.

Grand Total: 69 creatures vanquished

Notes
Turn   | Place    | Note
-------+----------+-------------------------------------------
     0 | D:1      | Atelerd the Octopode Earth Elementalist began the quest for
                  | the Orb.
     0 | D:1      | Reached XP level 1. HP: 11/11 MP: 3/3
   382 | D:1      | Reached XP level 2. HP: 17/17 MP: 3/5
  1056 | D:2      | Reached XP level 3. HP: 21/21 MP: 3/6
  1999 | D:2      | Reached XP level 4. HP: 27/27 MP: 6/8
  2450 | D:3      | Noticed Terence
  2457 | D:3      | Killed Terence
  2471 | D:3      | Noticed a black bear
  2478 | D:2      | Reached skill level 4 in Earth Magic
  2764 | D:3      | Noticed Jessica
  2772 | D:3      | Killed Jessica
  2773 | D:3      | Reached XP level 5. HP: 20/31 MP: 9/9
  2916 | D:3      | Found a radiant altar of Vehumet.
  2929 | D:3      | Found a hazy altar of Hepliaklqana.
  2948 | D:3      | Learned a level 4 spell: Petrify
  3530 | D:3      | Noticed Sigmund
  3534 | D:3      | Slain by Sigmund

Illustrated notes

Levels and vault maps discovered:
D:1:      minmay_arrival_open_corners, layout_basic, minmay_tromino_i4
D:2:      layout_loops_corners
D:3:      layout_rooms, mainiacjoe_overflow_catwalk_spiral,
          dreamdust_ecumenical_altar_hidden_monk_grotto, minivault_11,
          grunt_decor_junction, minmay_crystal_water, item_on_display_a,
          uniq_jessica, uniq_sigmund, uniq_terence

Skill      XL: |  1  2  3  4 |
---------------+-------------+-----
Transmutations | 2 |  2.0
Spellcasting   | 3 |  3.3
Earth Magic    | 4 |  4.1
Stealth        | 3 |  3.6
Dodging        | |  2.0

Action                   |  1- 3 |  4- 6 || total
-------------------------+-------+-------++-------
Melee: Tentacles         |     7 |    10 ||    17
       Constrict         |    10 |    10 ||    20
       Unarmed           |     1 |       ||     1
       Short sword       |    23 |    33 ||    56
 Cast: Sandblast         |    42 |    23 ||    65
       Petrify           |       |     2 ||     2
Evoke: Wand              |       |     1 ||     1
 Stab: Sleeping          |     1 |     2 ||     3
Armor: Skin              |     2 |     2 ||     4
Dodge: Dodged            |    43 |    26 ||    69
